 Dungeon Crawl Stone Soup version 0.31-a0-1447-g87ca8d402b (webtiles) character file.

Game seed: 4074664615114589173

47 holysushi the Cutter (level 3, 0/26 HPs)
             Began as an Octopode Monk on Dec 28, 2023.
             Slain by a kobold
             ... wielding a +0 short sword
              (5 damage)
             ... on level 2 of the Dungeon.
             The game lasted 00:01:20 (1078 turns).

holysushi the Cutter (Octopode Monk)                Turns: 1078, Time: 00:01:20

Health: 0/26       AC:  1    Str: 10    XL:     3   Next: 70%
Magic:  3/3        EV: 14    Int: 12    God:
Gold:   55         SH:  0    Dex: 16    Spells: 2/2 levels left

rFire   . . .        a - +0 short sword
rCold   . . .        (no shield)
rNeg    . . .        (helmet restricted)
rPois   .            (no amulet)
rElec   .            (no ring)
rCorr   .            (no ring)
SInv    .            (no ring)
Will    .....        (no ring)
Stlth   ++           (no ring)
HPRegen 0.24/turn    (no ring)
MPRegen 0.08/turn    (no ring)
                     (no ring)

%: no passive effects
@: no status effects
A: almost no armour, amphibious, 8 rings, camouflage 1, gelatinous body 1,
(nimble swimmer 1), tentacles
a: no special abilities


You were on level 2 of the Dungeon.
You visited 1 branch of the dungeon, and saw 2 of its levels.

You collected 55 gold pieces.

Inventory:

Hand Weapons
 a - a +0 short sword (weapon)
Armour
 c - an orb of light
Jewellery
 j - a ring of fire
Talismans
 g - a blade talisman
Scrolls
 i - 3 scrolls of identify {unknown}
Potions
 b - a potion of ambrosia
 d - a potion of curing {unknown}
 e - a potion of heal wounds {unknown}
 f - a potion of invisibility {unknown}
 h - 2 potions of mutation {unknown}


   Skills:
 - Level 3.0 Fighting
 + Level 4.5 Short Blades
 - Level 3.0 Dodging


You had 2 spell levels left.
You didn't know any spells.
Your spell library was empty.

Dungeon Overview and Level Annotations

Branches:
Dungeon (2/15) Zot: 10934

Altars:


Innate Abilities, Weirdness & Mutations

You cannot wear most types of armour.
You are amphibious.
You can wear up to eight rings at the same time.
Your skin changes colour to match your surroundings (Stealth+).
Your rubbery body absorbs attacks. (AC +1, EV +1)
((You are camouflaged when in or above water. (Stealth+)))
You have tentacles for arms and can constrict up to eight enemies at once.


Message History

A kobold and a ball python come into view.
The ball python hisses angrily.
The adder hisses angrily.
The kobold shouts!
You see here 2 scrolls labelled JASUTO JEJA.
i - 3 scrolls labelled JASUTO JEJA (gained 2)
The adder bites you.
You are poisoned.
The adder poisons you! The adder bites you.
You are more poisoned.
The adder poisons you!
Okay, then.
You feel very sick. The adder attacks as it pursues you! The adder bites you.
You feel sick.
You feel sick.
You hit the adder but do no damage. You grab the adder. You squeeze the adder!
You kill the adder!
You feel sick.
You hit the ball python.
You kill the ball python!
You feel sick.
You hit the goblin. You grab the goblin.
The goblin is moderately wounded.
You constrict the goblin.
You kill the goblin!
You feel sick.
Okay, then.
You feel sick.
You swing at nothing.
You hit the kobold but do no damage. You grab the kobold.
You constrict the kobold, but do no damage.
You feel sick.
The kobold hits you with a +0 short sword.
* * * LOW HITPOINT WARNING * * *
You hit the kobold.
The kobold is heavily wounded.
You constrict the kobold, but do no damage.
You feel sick.
You are no longer poisoned.
The kobold hits you with a +0 short sword.
You die...

#. .# #.# #####.###.#
#.....( ..#
#...#.###.### #
#.#.....$..[ #.#.#
##..⌠......####......
#..#.......)K@.......
#
#).......$.########.#
# #..#.......# #
##.######=.# #.#
.....# #.# ......#
#.# .......# #####.#
#.......# ......#
#........


You could see a kobold.

Vanquished Creatures
  An adder (D:2)
  3 dart slugs (D:1)
  3 endoplasms (D:1)
  A giant cockroach (D:1)
  3 goblins
  A hobgoblin (D:1)
  4 jackals (D:1)
  A quokka (D:1)
  3 ball pythons
  2 bats (D:1)
  2 frilled lizards (D:1)
  3 kobolds
  5 rats
32 creatures vanquished.

Notes
Turn   | Place    | Note
-------+----------+-------------------------------------------
     0 | D:1      | holysushi the Octopode Monk began the quest for the Orb.
     0 | D:1      | Reached XP level 1. HP: 16/16 MP: 1/1
   203 | D:1      | Reached XP level 2. HP: 15/21 MP: 2/2
   428 | D:1      | Reached skill level 4 in Short Blades
   519 | D:1      | Reached XP level 3. HP: 26/26 MP: 3/3
  1078 | D:2      | Slain by a kobold

Illustrated notes

Levels and vault maps discovered:
D:1:      minmay_arrival_open_corners, layout_loops_ring,
          minmay_tree_intersection, amcnicky_mini_rare_corridor_liquid,
          minmay_misc_feat_ornament, minmay_misc_feat_rugged, minmay_3d_cube
D:2:      layout_loops_ring, basic_altar, hangedman_feature_mirror

Skill      XL: |  1  2 |
---------------+-------+-----
Short Blades   | 4 |  4.5
Fighting       | |  3.0
Dodging        | |  3.0

Action                     || total
---------------------------++-------
  Melee: Short sword       ||    64
         Constrict         ||    17
         Tentacles         ||    10
         Punch             ||     1
   Stab: Sleeping          ||     3
 Armour: Skin              ||    25
  Dodge: Dodged            ||    36

Table legend: (Time is in decaauts)
 A = Elapsed time spent in this place.
 B = Non-inter-level travel time spent in this place.
 C = Inter-level travel time spent in this place.
 D = Time resting spent in this place.
 E = Time spent auto-exploring this place.
 F = Levels seen in this place.
 G = Mean time per level.
                   A        B        C        D        E       F      G
               +--------+--------+--------+--------+--------+-----+--------+
         Total |   1065 |   1027 |     38 |    115 |    671 |   2 |  532.5 |
       Dungeon |   1065 |   1027 |     38 |    115 |    671 |   2 |  532.5 |
               +--------+--------+--------+--------+--------+-----+--------+

Top non-repeatable levels by time:
     D:1: 999 daAuts
     D:2: 66 daAuts
